AoeStats
← BigOleGiraffe

Arena

510055072Analyzed
2v2 RM · 4d ago on Sep 29, 2026· 60m 59s· 4 players
Game mode
Random Map
Map size
Medium (4 player)
Population
200
Speed
Normal
Resources
Standard
Victory
Conquest
Starting age
Dark Age
Ending age
Imperial Age
RankedLock teamsTeams togetherTeam positionsShared explorationLock speedFull tech treeHidden civsTurbo modeCheats
Victory
Defeat
🇨🇦 Varangians · Canada
1031
+11
🇨🇦 Danes · Canada
952
+14
🇷🇺 Bohemians · Russia
925
-13
912
-12
drip_trpz #Grandma Peek
10:45 Feudal Age
11:10 Feudal Age
12:30 Feudal Age
16:45 Castle Age
15:09 Double-Bit Axe
16:38 Horse Collar
16:54 Fletching
17:05 Padded Archer Armor
26:42 Ballistics
27:26 Elite Skirmisher
29:54 Gold Mining
29:55 Stone Mining
30:17 Bow Saw
30:11 Heavy Plow
31:54 Wheelbarrow
31:08 Town Watch
35:25 Imperial Age
34:17 Bodkin Arrow
34:37 Leather Archer Armor
36:11 Yeomen
36:48 Conscription
40:15 Chemistry
39:19 Bracer
39:49 Ring Archer Armor
40:43 Man-at-Arms
41:15 Onager
42:57 Forging
44:35 Elite Longbowman
47:26 Pikeman
47:26 Long Swordsman
49:15 Halberdier
49:48 Two-Handed Swordsman
50:36 Husbandry
49:56 Cavalier
54:00 Cranequins
54:01 Heavy Mounted Crossbowman
55:38 Caravan
57:09 Iron Casting
56:39 Scale Barding Armor
X-you
0:30 Loom
3:25 Loom
11:15 Feudal Age
16:46 Castle Age
15:18 Double-Bit Axe
15:16 Horse Collar
19:43 Fletching
23:44 Wheelbarrow
25:11 Hand Cart
25:13 Heavy Plow
25:41 Bow Saw
26:55 Bodkin Arrow
32:05 Imperial Age
29:45 Pikeman
30:27 Squires
30:40 Padded Archer Armor
30:41 Scale Mail Armor
32:14 Leather Archer Armor
32:09 Wagenburg Tactics
33:11 Conscription
32:23 Halberdier
33:49 Ballistics
34:54 Chemistry
35:34 Ring Archer Armor
35:05 Bracer
35:19 Forging
37:10 Two-Man Saw
37:53 Chain Mail Armor
37:55 Elite Hussite Wagon
39:15 Iron Casting
39:13 Plate Mail Armor
40:10 Houfnice
42:13 Siege Engineers
43:32 Blast Furnace
45:45 Caravan
47:29 Hussite Reforms
48:04 Devotion
48:28 Heresy
55:35 Redemption
55:46 Sanctity
55:47 Faith
55:28 Atonement
58:16 Block Printing
BigOleGiraffe
10:18 Feudal Age
11:08 Double-Bit Axe
17:26 Castle Age
15:48 Horse Collar
16:41 Gold Mining
18:09 Fletching
18:52 Bow Saw
18:45 Heavy Plow
19:51 Ballistics
22:30 Bodkin Arrow
23:09 Padded Archer Armor
24:39 Elite Skirmisher
28:15 Leather Archer Armor
30:28 Wheelbarrow
29:39 Loom
29:39 Town Watch
31:10 Bloodlines
31:33 Scale Barding Armor
31:38 Forging
33:00 Hand Cart
33:31 Chain Barding Armor
37:42 Imperial Age
35:38 Forging
37:49 Heavy Mounted Crossbowman
37:49 Cranequins
38:32 Bracer
39:03 Ring Archer Armor
39:36 Chemistry
38:28 Capped Ram
40:43 Two-Man Saw
40:44 Heavy Scorpion
42:28 Plate Barding Armor
41:16 Light Cavalry
41:57 Husbandry
42:12 Hussar
43:45 Crop Rotation
45:56 Siege Ram
56:22 Siege Engineers
56:28 Masonry
vince.dion123
10:57 Feudal Age
15:12 Castle Age
13:49 Double-Bit Axe
13:51 Loom
30:56 Imperial Age
28:24 Stone Mining
29:41 Gold Mining
30:13 Bow Saw
30:50 Squires
30:37 Arson
32:26 Wheelbarrow
31:37 Town Watch
33:42 Conscription
32:45 Hamask
33:33 Horse Collar
36:09 Block Printing
36:07 Siege Engineers
37:33 Chemistry
37:02 Heavy Plow
36:36 Onager
38:26 Forging
38:17 Scale Mail Armor
39:17 Ballistics
40:03 Hand Cart
39:48 Town Patrol
40:18 Northmen's Fury
41:21 Fervor
41:33 Sanctity
40:37 Siege Onager
41:06 Elite Jomsviking
42:45 Iron Casting
42:25 Chain Mail Armor
43:20 Illumination
43:43 Gold Shaft Mining
44:22 Theocracy
44:05 Redemption
46:12 Plate Mail Armor
46:43 Blast Furnace
48:39 Hoardings
Connection lost

Rejoining the realm…

Still unreachable

The connection could not be restored.

Session expired

The server has moved on; the page needs a fresh start.